 Dungeon Crawl Stone Soup version 0.31.0 (webtiles) character file.

Game seed: 6676384297992924873

1754 FizzleBang31 the Grappler (level 8, -10/120 HPs)
             Began as a Troll Delver on Jan 19, 2024.
             Killed from afar by an electric eel (12 damage)
             ... with a bolt of electricity
             ... on level 10 of the Dungeon.
             The game lasted 00:16:35 (722 turns).

FizzleBang31 the Grappler (Troll Delver)             Turns: 722, Time: 00:16:36

Health: -10/120    AC:  4    Str: 23    XL:     8   Next: 78%
Magic:  7/7        EV:  9    Int:  6    God:
Gold:   159        SH:  0    Dex: 11    Spells: 7/7 levels left

rFire   . .          .
                       - Unarmed
rCold   . . .        (no shield)
rNeg    . . .        a - +0 robe
rPois   .            e - +0 hat
rElec   .            (no cloak)
rCorr   .            (gloves unavailable)
SInv    .            (boots unavailable)
Will    .....        (no amulet) Stlth
                     (no ring)
HPRegen 1.20/turn    (no ring)
MPRegen 0.10/turn

%: no passive effects
@: confused, berserking, very quick
A: large, unfitting armour, claws 3, regeneration 1, shaggy fur 1, tough skin 1
a: no special abilities


You were on level 10 of the Dungeon.
You visited 2 branches of the dungeon, and saw 7 of its levels.

You collected 159 gold pieces.

Inventory:

Hand Weapons
 b - a +0 battleaxe
Missiles
 m - 6 boomerangs (quivered)
Armour
 a - a +0 robe (worn)
 e - a +0 hat (worn)
Wands
 c - a wand of charming (11)
 f - a wand of digging (3)
 l - a wand of polymorph (11)
Scrolls
 d - a scroll of blinking {unknown}
 i - a scroll of teleportation
 j - 2 scrolls of fog
 k - a scroll of immolation {unknown}
Potions
 h - a potion of brilliance {unknown}


   Skills:
 + Level 5.2 Fighting
 - Level 1.5 Dodging
 - Level 2.7 Stealth
 - Level 9.2 Unarmed Combat
 - Level 3.0 Evocations


You had 7 spell levels left.
You didn't know any spells.
Your spell library was empty.

Dungeon Overview and Level Annotations

Branches:
Dungeon (10/15)            Temple (1/1) D:7
   Lair: D:8-11         Orc: D:9-12

Altars:
Ashenzari
Dithmenos
Elyvilon
Fedhas
Hepliaklqana
Kikubaaqudgha
Nemelex Xobeh
Qazlal
Sif Muna
Uskayaw
Vehumet
Wu Jian
Yredelemnul

Annotations:
D:10 Grum


Innate Abilities, Weirdness & Mutations

You are too large for most types of armour.
You have claws for hands.
Your natural rate of healing is unusually fast.
You are covered in fur. (AC +1)
You have tough skin. (AC +1)


Message History

The kobold shouts!
The kobold looks frightened!
The kobold shouts!
The kobold looks frightened!
The kobold shouts!
The kobold looks frightened!
The yak looks frightened!
A wolf comes into view.
An orc wizard comes into view. It is wielding a +0 dagger.
An orc wizard comes into view. It is wielding a +0 dagger.
Found a stone staircase leading down.
The orc wizard shouts!
Grum and a wolf come into view.
A wolf comes into view.
The orc starts to cry.
The orc wizard mumbles some strange words.
The orc wizard flickers and vanishes!
Deactivating autopickup; reactivate with Ctrl-A.
The wolf howls!
You see here a scroll labelled MEJAADIOST.
d - a scroll labelled MEJAADIOST Grum growls angrily.
The orc wizard gestures at you while chanting.
The puff of flame hits you!
Unknown command.
Unknown command.
Unknown command.
Unknown command.
Unknown command.
Aiming: Charm
Press: ? - help, Shift-Dir - straight line, f - orc wizard
Aim: an orc wizard, wielding a +0 dagger and wearing a +0 robe (chance to affect: 56%)
Okay, then.
Unknown command.
Unknown command.
As you read the scroll of teleportation, it crumbles to dust.
You feel strangely unstable.
The orc wizard hits you but does no damage.
You barely miss the orc wizard. Your claw misses the orc wizard.
The wolf bites you but does no damage.
You closely miss the orc wizard.
Your surroundings suddenly seem different.
Found 6 boomerangs.
You see here 6 boomerangs.
m - 6 boomerangs Autopickup is now on.
An orc priest comes into view. It is wielding a +0 club.
An orc wizard comes into view. It is wielding a +0 dagger.
The orc wizard shouts!
You hear a shout!
The orc priest shouts!
An orc wizard comes into view. It is wielding a +0 dagger.
An orc and an electric eel come into view.
The electric eel moves out of view.
Found 3 stones.
The orc shouts!
You scratch the orc priest.
The orc priest is lightly wounded.
The orc wizard casts a spell.
The orc wizard flickers and vanishes!
Deactivating autopickup; reactivate with Ctrl-A.
The orc priest hits you with a +0 club.
You scratch the orc priest.
The orc priest is heavily wounded.
The orc wizard gestures wildly while chanting.
The orc wizard flickers and vanishes!
The orc priest casts a cantrip, but nothing happens.
You mangle the orc priest!!
You kill the orc priest!
Okay, then.
Unknown command.
The electric eel shoots out a bolt of lightning at you!
The bolt of electricity hits you.
You hear some strange, mumbled words.
A puff of flame appears from out of thin air!
The puff of flame hits you! Something hits you but does no damage.
You barely miss the electric eel.
You hear some strange, mumbled words.
You are confused.
You completely miss the electric eel. Your claw misses the electric eel.
You miss something.
The electric eel shoots out a bolt of lightning at you!
The bolt of electricity hits you!
You hear some strange, mumbled words.
Something tries to affect you, but you resist.
It was a potion of berserk rage.
A red film seems to cover your vision as you go berserk!
You feel yourself moving faster!
You feel mighty!
The electric eel shoots out a bolt of lightning at you!
The bolt of electricity hits you!
You hear some strange, mumbled words.
You are more confused.
A troll comes into view.
The orc warrior hits you from afar with a +0 glaive!!
* * * LOW HITPOINT WARNING * * *
The troll shouts!
You scratch the electric eel.
The electric eel is moderately wounded.
The orc warrior hits you from afar with a +0 glaive!!
* * * LOW HITPOINT WARNING * * *
The electric eel shoots out a bolt of lightning at you!
The bolt of electricity hits you!
You die...

#...# # #...# # #...# #
##########o..##########
..............o........
.......................
......)o...............
######.###############
.......{@...#
≈≈≈≈≈≈≈S≈≈≈.#
≈≈≈≈≈≈≈≈≈≈≈..#
#########≈≈..# ≈≈..T.
≈≈(.... ≈≈..... ≈≈.####


You could see a troll, an orc warrior and an electric eel.

Vanquished Creatures
  Prince Ribbit (D:8)
  A yak (D:9)
  Eustachio (D:6)
  A steam dragon (D:8)
  3 sky beasts
  A kobold brigand (D:7)
  Blork the orc (D:5)
  2 scorpions
  3 wights (D:7)
  2 electric eels (D:8)
  A hound (D:7)
  An orc priest (D:10)
  A sleepcap (D:7)
  2 adders
  A white imp (D:7)
  9 orcs
  6 kobolds (D:7)
37 creatures vanquished.

Vanquished Creatures (collateral kills)
  2 yaks (D:9)
2 creatures vanquished.

Grand Total: 39 creatures vanquished

Notes
Turn   | Place    | Note
-------+----------+-------------------------------------------
     0 | D:5      | FizzleBang31 the Troll Delver began the quest for the Orb.
     0 | D:5      | Reached XP level 1. HP: 22/22 MP: 0/0
    26 | D:5      | Noticed Blork the orc
    32 | D:5      | Killed Blork the orc
    33 | D:5      | Reached skill level 4 in Unarmed Combat
    33 | D:5      | Reached XP level 2. HP: 24/29 MP: 1/1
    33 | D:5      | Reached XP level 3. HP: 30/36 MP: 2/2
    34 | D:5      | Noticed a scorpion
    47 | D:5      | Reached XP level 4. HP: 42/44 MP: 3/3
    74 | D:5      | Killed a scorpion
    75 | D:5      | Reached skill level 5 in Unarmed Combat
    77 | D:5      | Noticed a lemure
    78 | D:5      | Noticed a lemure
    81 | D:6      | Noticed a sky beast
    92 | D:6      | Killed a sky beast
    93 | D:6      | Reached XP level 5. HP: 20/50 MP: 4/4
   123 | D:6      | Noticed Eustachio
   129 | D:6      | Reached skill level 6 in Unarmed Combat
   129 | D:6      | Noticed a sky beast
   143 | D:6      | Killed Eustachio
   144 | D:6      | Reached skill level 7 in Unarmed Combat
   144 | D:6      | Reached XP level 6. HP: 31/59 MP: 5/5
   152 | D:6      | Killed a sky beast
   190 | D:6      | Found an ancient bone altar of Kikubaaqudgha.
   200 | D:6      | Reached XP level 7. HP: 45/66 MP: 6/6
   245 | D:7      | Reached skill level 8 in Unarmed Combat
   297 | D:7      | Found a white marble altar of Elyvilon.
   329 | D:7      | Found an ornate altar of the Wu Jian Council.
   351 | D:7      | Reached skill level 9 in Unarmed Combat
   357 | D:7      | Found a staircase to the Ecumenical Temple.
   367 | Temple   | Entered the Ecumenical Temple
   504 | D:8      | Noticed Prince Ribbit
   514 | D:8      | Killed Prince Ribbit
   515 | D:8      | Reached skill level 1 in Evocations
   515 | D:8      | Reached XP level 8. HP: 68/75 MP: 7/7
   646 | D:9      | Reached skill level 5 in Fighting
   655 | D:9      | Found a hide-covered altar of Uskayaw.
   696 | D:10     | Entered Level 10 of the Dungeon
   699 | D:10     | Noticed Grum
   721 | D:10     | Noticed a troll
   721 | D:10     | HP: 20/120 [orc warrior/+0 glaive (19)]
   722 | D:10     | HP: 2/120 [orc warrior/+0 glaive (19)]
   722 | D:10     | Killed from afar by an electric eel

Illustrated notes

Levels and vault maps discovered:
D:5:      layout_loops_corners, serial_shops, nicolae_diamond_shop,
          nicolae_concentric_dashed_squares_mild, uniq_blork_the_orc, uniq_pikel
D:6:      layout_loops_ring, okawaru_trees_2,
          nicolae_kikubaaqudgha_miasma_corner, kennysheep_flooded_box,
          uniq_eustachio
D:7:      layout_basic, nicolae_elyvilon_peaceful_grove,
          mainiacjoe_overflow_small_starburst, minmay_temple_entry_stoned_glass,
          hangedman_minor_gate_pass
D:8:      layout_basic, nicolae_overflow_two_pavilions, uniq_prince_ribbit1
D:9:      layout_gridville, mainiacjoe_overflow_brackets,
          general_overflow_altar, grunt_lair_entry_orc_guard_hut,
          minmay_misc_feat_chi, uniq_joseph
D:10:     layout_long_grid, erik_orc_2, chequers_mini_garden, uniq_maggie,
          uniq_grum
Temple:   nicolae_temple_cloud_nine

Skill      XL: |  1  2  3  4  5  6  7  8 |
---------------+-------------------------+-----
Unarmed Combat | 4 5 7 9 |  9.2
Fighting       | 3 5 |  5.2
Evocations     | 1 3 |  3.0
Dodging        | |  1.5
Stealth        | |  2.7

Action                     |  1- 3 |  4- 6 |  7- 9 || total
---------------------------+-------+-------+-------++-------
  Melee: Unarmed           |     8 |    33 |   108 ||   149
         Punch             |       |     1 |     3 ||     4
  Evoke: Wand              |       |       |     3 ||     3
    Use: Potion            |     1 |       |     1 ||     2
         Scroll            |       |       |     4 ||     4
   Stab: Sleeping          |     1 |       |       ||     1
 Armour: Robe              |     3 |    27 |    82 ||   112
  Dodge: Dodged            |     2 |    12 |    26 ||    40

Levels and vault maps discovered:
D:5:      layout_loops_corners, serial_shops, nicolae_diamond_shop,
          nicolae_concentric_dashed_squares_mild, uniq_blork_the_orc, uniq_pikel
D:6:      layout_loops_ring, okawaru_trees_2,
          nicolae_kikubaaqudgha_miasma_corner, kennysheep_flooded_box,
          uniq_eustachio
D:7:      layout_basic, nicolae_elyvilon_peaceful_grove,
          mainiacjoe_overflow_small_starburst, minmay_temple_entry_stoned_glass,
          hangedman_minor_gate_pass
D:8:      layout_basic, nicolae_overflow_two_pavilions, uniq_prince_ribbit1
D:9:      layout_gridville, mainiacjoe_overflow_brackets,
          general_overflow_altar, grunt_lair_entry_orc_guard_hut,
          minmay_misc_feat_chi, uniq_joseph
D:10:     layout_long_grid, erik_orc_2, chequers_mini_garden, uniq_maggie,
          uniq_grum
Temple:   nicolae_temple_cloud_nine

Table legend: (Time is in decaauts)
 A = Elapsed time spent in this place.
 B = Non-inter-level travel time spent in this place.
 C = Inter-level travel time spent in this place.
 D = Time resting spent in this place.
 E = Time spent auto-exploring this place.
 F = Levels seen in this place.
 G = Mean time per level.
                   A        B        C        D        E       F      G
               +--------+--------+--------+--------+--------+-----+--------+
         Total |    686 |    686 |      0 |      0 |      0 |   7 |   98.0 |
       Dungeon |    685 |    685 |      0 |      0 |      0 |   6 |  114.2 |
        Temple |      1 |      1 |      0 |      0 |      0 |   1 |    1.0 |
               +--------+--------+--------+--------+--------+-----+--------+

Top non-repeatable levels by time:
     D:7: 180 daAuts
     D:8: 171 daAuts
     D:6: 129 daAuts
     D:9: 114 daAuts
     D:5: 64 daAuts
    D:10: 24 daAuts
  Temple: 1 daAuts

Table legend:
 A = Kills in this place as a percentage of kills in the entire game.
 B = Kills by you in this place as a percentage of kills by you in the entire game.
 C = Kills by friends in this place as a percentage of kills by friends in the entire game.
 D = Other kills in this place as a percentage of other kills in the entire game.
 E = Experience gained in this place as a percentage of experience gained in the entire game.
 F = Experience gained in this place divided by the number of levels of this place that you have seen.
                   A       B       C       D       E      F
               +-------+-------+-------+-------+-------+----------------------
         Total | 100.0 | 100.0 | 100.0 |   N/A | 100.0 | 358.1
       Dungeon | 100.0 | 100.0 | 100.0 |   N/A | 100.0 | 417.8
               +-------+-------+-------+-------+-------+----------------------
